 Dungeon Crawl Stone Soup version 0.22-a0-283-g1871b15 (webtiles) character file.

3624 nikopol the Thaumaturge (level 9, -8/46 HPs)
             Began as a Deep Elf Fire Elementalist on Mar 18, 2018.
             Was a Priest of Vehumet.
             Killed from afar by Erica (14 damage)
             ... with an orb of energy
             ... on level 9 of the Dungeon.
             The game lasted 00:34:17 (8110 turns).

nikopol the Thaumaturge (DEFE)                      Turns: 8110, Time: 00:34:18

Health: -8/46      AC:  5    Str:  5    XL:     9   Next: 87%
Magic:  5/27       EV: 16    Int: 24    God:    Vehumet [***...]
Gold:   131        SH:  0    Dex: 15    Spells: 14/32 levels left

rFire    . . .     SeeInvis .   j - +3 dagger
rCold    . . .     Gourm    .   (no shield)
rNeg     . . .     Faith    .   A - +1 robe of Foahilu {rElec Regen+}
rPois    .         Spirit   .   y - +0 helmet
rElec    +         Reflect  .   g - scarf {repulsion}
rCorr    .         Harm     .   o - +0 pair of gloves
MR       .....                  (no boots)
Stlth    +++.......             (no amulet)
HPRegen  0.55/turn              p - +2 ring of evasion
MPRegen  0.20/turn              w - ring of wizardry

@: repel missiles
A: no striking features
a: Renounce Religion


You were on level 9 of the Dungeon.
You worshipped Vehumet.
Vehumet was most pleased with you.
You were not hungry.

You visited 2 branches of the dungeon, and saw 9 of its levels.

You collected 409 gold pieces.
You spent 278 gold pieces at shops.

Inventory:

Hand Weapons
 e - a +0 dagger
 j - a +3 dagger (weapon)
 n - a +0 dagger of venom
Armour
 a - a +0 robe
 g - a scarf of repulsion (worn)
 o - a +0 pair of gloves (worn)
 y - a +0 helmet (worn)
 A - the +1 robe of Foahilu (worn) {rElec Regen+}
   (You bought it in a shop on level 6 of the Dungeon)

   It insulates you from electricity.
   It increases your rate of regeneration.
Jewellery
 p - a +2 ring of evasion (left hand)
 w - a ring of wizardry (right hand)
Wands
 u - a wand of iceblast (20)
 D - a wand of random effects (9)
Scrolls
 b - a scroll of identify
 d - a scroll of random uselessness {unknown}
 h - 5 scrolls of teleportation
 k - 4 scrolls of remove curse {unknown}
 m - 2 scrolls of amnesia {unknown}
 q - a scroll of magic mapping {unknown}
 C - 2 scrolls of fear {unknown}
Potions
 f - 5 potions of curing
 i - 2 potions of heal wounds
 l - 2 potions of lignification
 r - a potion of agility
 s - a potion of brilliance
 t - a potion of flight {unknown}
 v - a potion of invisibility {unknown}
 x - 2 potions of resistance {unknown}
 z - a potion of mutation {unknown}
Comestibles
 c - 13 rations


   Skills:
 + Level 0.5 Fighting
 + Level 3.9 Dodging
 + Level 4.2 Stealth
 + Level 12.1 Spellcasting
 + Level 7.4 Conjurations
 + Level 8.7 Fire Magic


You had 14 spell levels left.
You knew the following spells:

 Your Spells              Type           Power        Failure   Level  Hunger
a - Flame Tongue          Conj/Fire      #####        1%          1    None
b - Throw Flame           Conj/Fire      ######       1%          2    None
c - Conjure Flame         Conj/Fire      ######..     1%          3    None
d - Sticky Flame          Conj/Fire      ######..     1%          4    None
e - Fireball              Conj/Fire      ######....   1%          5    ###....
f - Stone Arrow           Conj/Erth      ####..       1%          3    None


Dungeon Overview and Level Annotations

Branches:
Dungeon (7/15)             Temple (1/1) D:4

Altars:
Ashenzari
Cheibriados
Dithmenos
Elyvilon
Fedhas
Gozag
Hepliaklqana
Kikubaaqudgha
Makhleb
Nemelex Xobeh
Okawaru
Qazlal
Ru
Sif Muna
Trog
Uskayaw
Vehumet
Wu Jian
Xom
Yredelemnul
Zin
The Shining One

Shops:
D:6 *

Annotations:
D:9 Erica


Message History

A water moccasin zombie comes into view.
Casting: Sticky Flame (safe; 1% risk of failure)
Confirm with . or Enter, or press ? or * to list all spells.
Aiming: Flame Tongue (safe; 1% risk of failure)
Press: ? - help, Shift-Dir - straight line, f/p - centaur skeleton
Aim: a centaur skeleton (almost destroyed, covered in liquid flames)
The flame tongue hits the centaur skeleton.
The centaur skeleton is almost destroyed.
The centaur skeleton burns!
You destroy the centaur skeleton!
Vehumet accepts your kill.
You feel your power returning.
The orc priest calls down the wrath of Beogh upon you.
Beogh smites you!
* * * LOW HITPOINT WARNING * * *
Erica the Fiery-Tempered comes into view.
She is wielding a scimitar of flaming.
Erica shouts!
Erica points at you and mumbles some strange words.
The orb of energy hits you!
You die... ..... #.P.Z #.... .K.. .....
KKK

@... Ko
##... #o
#..#
#ยง###.#
#.(...#
####@.#
##..#
#..##
#..#
........#
........#
#######..
##. #.


You could see Erica.

Vanquished Creatures
  A hippogriff (D:9)
  Sigmund (D:5)
  A basilisk (D:9)
  A necrophage (D:6)
  An ice beast (D:9)
  3 sky beasts
  2 phantoms
  3 ogres
  5 centaurs
  A crocodile (D:9)
  A bullfrog (D:6)
  A scorpion (D:4)
  2 water moccasin skeletons
  10 wights (D:6)
  4 howler monkeys
  2 crimson imps (D:7)
  2 orc priests (D:7)
  A jelly (D:6)
  2 orc wizards
  2 bullfrog zombies
  A centaur skeleton (D:9)
  3 hounds
  A bullfrog skeleton (D:7)
  3 iguanas
  Ijyb (D:5)
  7 worker ants
  A hound zombie (D:6)
  Robin (D:2)
  3 gnolls (D:5)
  13 adders
  2 shadow imps
  3 oozes
  An adder zombie (D:6)
  2 adder skeletons
  4 worms
  2 dart slugs
  2 leopard geckos
  21 orcs
  A ball python (D:1)
  6 bats
  5 giant cockroaches
  17 goblins
  9 hobgoblins
  14 jackals
  3 quokkas
  4 frilled lizards
  7 kobolds
  A leopard gecko skeleton (D:6)
  7 rats
191 creatures vanquished.

Notes
Turn   | Place    | Note
-------+----------+-------------------------------------------
     0 | D:1      | nikopol the Deep Elf Fire Elementalist began the quest for the Orb.
     0 | D:1      | Reached XP level 1. HP: 10/10 MP: 6/6
   150 | D:1      | Reached XP level 2. HP: 15/15 MP: 4/8
   905 | D:2      | Reached XP level 3. HP: 18/19 MP: 4/9
   909 | D:2      | Learned a level 2 spell: Throw Flame
   913 | D:2      | Learned a level 3 spell: Conjure Flame
  1127 | D:2      | Reached XP level 4. HP: 24/24 MP: 8/11
  1304 | D:2      | Noticed Robin
  1324 | D:2      | Killed Robin
  1752 | D:2      | Found a sparkling altar of Nemelex Xobeh.
  1932 | D:3      | Reached skill level 4 in Spellcasting
  1944 | D:3      | Learned a level 4 spell: Sticky Flame
  2122 | D:3      | Reached XP level 5. HP: 28/28 MP: 10/13
  2876 | D:4      | Reached skill level 5 in Spellcasting
  3048 | D:4      | Found a staircase to the Ecumenical Temple.
  3118 | Temple   | Entered the Ecumenical Temple
  3348 | Temple   | Became a worshipper of Vehumet
  3413 | D:4      | Reached XP level 6. HP: 32/32 MP: 8/16
  3468 | D:4      | Learned a level 5 spell: Fireball
  3622 | D:4      | Reached skill level 5 in Fire Magic
  3714 | D:4      | Reached skill level 6 in Spellcasting
  4136 | D:5      | Entered Level 5 of the Dungeon
  4161 | D:5      | Reached XP level 7. HP: 36/36 MP: 10/18
  4371 | D:5      | Reached * piety under Vehumet
  4371 | D:5      | Offered knowledge of Shock by Vehumet.
  4457 | D:5      | Noticed Sigmund
  4473 | D:5      | Killed Sigmund
  4473 | D:5      | Reached skill level 7 in Spellcasting
  4757 | D:5      | Noticed Ijyb
  4766 | D:5      | Killed Ijyb
  4973 | D:5      | Reached skill level 8 in Spellcasting
  4973 | D:5      | Reached XP level 8. HP: 42/42 MP: 15/22
  5168 | D:5      | Reached skill level 5 in Conjurations
  5784 | D:6      | Reached skill level 9 in Spellcasting
  5953 | D:6      | Reached ** piety under Vehumet
  5998 | D:6      | Offered knowledge of Magic Dart by Vehumet.
  6072 | D:6      | Reached XP level 9. HP: 46/46 MP: 11/24
  6203 | D:6      | Reached skill level 10 in Spellcasting
  6251 | D:6      | Found a glowing golden altar of the Shining One.
  6435 | D:6      | Found Fem Jat's Assorted Antiques.
  6440 | D:6      | Bought an ominously black robe for 148 gold pieces
  6440 | D:6      | Bought a potion of heal wounds for 130 gold pieces
  6453 | D:6      | Identified the +1 robe of Foahilu {rElec Regen+} (You bought it in a shop on level 6 of the Dungeon)
  7056 | D:7      | Offered knowledge of Stone Arrow by Vehumet.
  7135 | D:7      | Learned a level 3 spell: Stone Arrow
  7291 | D:7      | Reached *** piety under Vehumet
  7460 | D:7      | Reached skill level 11 in Spellcasting
  8083 | D:7      | You fall through a shaft for 2 floors!
  8104 | D:9      | Reached skill level 12 in Spellcasting
  8105 | D:9      | Offered knowledge of Ignite Poison by Vehumet.
  8110 | D:9      | Noticed Erica
  8110 | D:9      | Killed from afar by Erica

Vault maps used:
D:1:      dpeg_arrival_oval, hangedman_decor_riveting, minmay_crystal_room
D:2:      nemelex_altar_shiori, uniq_robin
D:3:      lemuel_flame_loot_1
D:4:      minmay_temple_entry_junction_2, due_unseen_surprise
D:5:      first_ration, minmay_stone_trees_medium,
          hangedman_abyss_or_decor_slice, grunt_tough_drop, uniq_ijyb,
          uniq_sigmund
D:6:      serial_shops, nicolae_shop_trees, nicolae_tso_carved_into_rock
D:9:      cheibrodos_shockbox, david_lair_generic, hangedman_fish_farm,
          uniq_erica, uniq_joseph
Temple:   roderic_octagonal_lattice_temple

Skill      XL: |  1  2  3  4  5  6  7  8  9 |
---------------+----------------------------+-----
Dodging        | 3 |  3.9
Fire Magic     | 4 5 6 7 8 |  8.7
Conjurations   | 2 3 4 6 7 |  7.4
Spellcasting   | 4 5 6 8 9 12 | 12.1
Stealth        | 3 4 |  4.2
Fighting       | |  0.5

Action                   |  1- 3 |  4- 6 |  7- 9 || total
-------------------------+-------+-------+-------++-------
Melee: Dagger            |       |     5 |     2 ||     7
 Cast: Flame Tongue      |    40 |   136 |   198 ||   374
       Throw Flame       |       |     2 |    13 ||    15
       Sticky Flame      |       |     2 |    18 ||    20
       Conjure Flame     |       |     1 |     7 ||     8
       Fireball          |       |       |    16 ||    16
       Stone Arrow       |       |       |     2 ||     2
  Use: Scroll            |       |     3 |     3 ||     6
  Eat: Chunk             |       |    10 |    15 ||    25
Armor: Robe              |     2 |     4 |     4 ||    10
Dodge: Dodged            |     6 |    24 |    31 ||    61
       Deflected         |       |       |     2 ||     2

Table legend:
 A = Spawn XP
 B = Non-spawn XP
 C = Spawn XP percentage of total XP
 D = Spawn monster count
 E = Non-spawn monster count
 F = Spawn count percentage of total count
 G = Total turns spent on level
                    A         B        C        D         E        F      G
               +---------+---------+-------+---------+---------+-------+---------
         Total |       0 |    5178 |   0.0 |       0 |     191 |   0.0 |  8110
               +---------+---------+-------+---------+---------+-------+---------
           D:1 |       0 |      30 |   0.0 |       0 |      16 |   0.0 |   901
           D:2 |       0 |     136 |   0.0 |       0 |      37 |   0.0 |   991
           D:3 |       0 |      83 |   0.0 |       0 |      17 |   0.0 |   981
           D:4 |       0 |     391 |   0.0 |       0 |      22 |   0.0 |  1033
           D:5 |       0 |    1181 |   0.0 |       0 |      29 |   0.0 |  1340
           D:6 |       0 |    1346 |   0.0 |       0 |      34 |   0.0 |  1506
           D:7 |       0 |    1200 |   0.0 |       0 |      26 |   0.0 |  1085
           D:9 |       0 |     811 |   0.0 |       0 |      10 |   0.0 |    27
               +---------+---------+-------+---------+---------+-------+---------
